Match 41140962
Unlisted

Match 41140962
End
Selects Italian Combined Arms Battlegroup
Selects Bersaglieri Squad
Bersaglieri Squad
Kradschützen Motorcycle Team
Bersaglieri Squad
Bersaglieri Squad
Construct Light Support Kompanie
MG34 Team
2.5-tonne Medical Truck
Assault Mechanized Group
Fire Support Elements
Selects Semovente da 75/18 Assault Gun
Selects Carro Armato M13/40 Light Tank
Carro Armato M13/40 Light Tank
Carro Armato M13/40 Light Tank
Assault Mechanized Group
Selects Bersaglieri Bolster
Advanced Field Repairs
Construct Panzerarmee Kommand
Selects Breda Model 30 Light Machine Guns
Veteran Squad Leaders
김첨지
『BlackBear』
0
0

Comments sign in to comment!

No comments posted yet!